Rafales vs Monarchs
Created - 27 décembre 2015 at 22:14
Goals
|
| Rafales |
2 |
2 |
1 |
5 |
| Monarchs |
1 |
2 |
1 |
4 |
|
Shots
|
| Rafales |
13 |
13 |
17 |
43 |
| Monarchs |
11 |
13 |
12 |
36 |
|
1st period
1. Rafales , Cody McLeod 26 (Marc-André Gragnani, Mike Zigomanis) at 9:30
2. Rafales , Dan Fritsche 13 (Mike Sislo) at 10:15 (PP)
3. Monarchs , Randy Robitaille 21 (Justin Williams, Chris Dingman) at 18:04
Penalties :
Marc-André Gragnani (Stf) for Delaying the game (Minor) at 1:35, Kyle Palmieri (MAN) for Tripping (Minor) at 10:14, Paul Bissonnette (MAN) for Holding (Minor) at 12:15
2nd period
4. Rafales , Mike Zigomanis 16 (Cody McLeod, Dmitry Kulikov) at 0:52
5. Monarchs , John Zeiler 15 (Mikael Backlund, Mason Raymond) at 9:31
6. Monarchs , John Mitchell 5 (Alec Martinez) at 14:16
7. Rafales , Milan Bartovic 16 (Bruno Gervais, Mike Zigomanis) at 14:42
Penalties :
Milan Bartovic (Stf) for Holding (Minor) at 5:49
3rd period
8. Rafales , Tim Crowder 6 (Mike Sislo, Dan Fritsche) at 10:07
9. Monarchs , Chris Dingman 21 (Andrej Meszaros) at 11:47
Penalties :
Andy Greene (MAN) for Tripping (Minor) at 2:05, Marc-André Gragnani (Stf) for Hooking (Minor) at 12:58
Goalie Stats
Loïc Lacasse (Stf), 32 saves from 36 shots - (0,889), W, 15-8-3, 60:00 minutes
Richard Bachman (MAN), 38 saves from 43 shots - (0,884), L, 11-11-0, 59:01 minutes
Players Stats for Rafales
Player Name G A P +/- PIM S H SB GA TA FO MP PP MP PK MP
------------------------------------------------------------------------------------
Bruno Gervais 0 1 1 2 0 0 4 2 1 1 0/0 23:26 1:29 3:07
Cody McLeod 1 1 2 2 0 8 1 0 2 0 1/2 23:28 2:02 2:16
Dan Fritsche 1 1 2 0 0 5 0 0 0 0 7/19 19:07 1:57 2:55
Dmitry Kulikov 0 1 1 2 0 2 1 2 0 0 0/0 25:24 2:30 3:07
Jeff Skinner 0 0 0 -1 0 1 1 1 0 0 1/1 9:50 0:00 0:32
Johan Ryno 0 0 0 -1 0 2 0 1 0 0 1/1 8:36 0:00 0:00
Jonas Junland 0 0 0 -2 0 1 0 2 0 1 0/0 12:48 0:00 2:50
Jonathan Rheault 0 0 0 -1 0 2 1 2 0 0 1/1 8:44 0:00 0:00
Kevin Veilleux 0 0 0 -1 0 0 0 0 0 0 4/8 8:15 0:00 0:31
Marc-André Gragnani 0 1 1 0 4 1 0 2 0 0 0/0 22:42 1:29 0:00
Matt Gilroy 0 0 0 -2 0 0 1 1 1 1 0/0 12:50 2:30 0:00
Michael Bournival 0 0 0 -1 0 0 0 0 0 1 0/0 8:36 0:00 0:00
Mike Sislo 0 2 2 0 0 2 3 0 0 0 1/1 14:35 1:57 0:00
Mike Zigomanis 1 2 3 2 0 8 0 0 4 0 20/26 22:57 2:02 2:08
Milan Bartovic 1 0 1 2 2 6 2 0 0 0 0/0 21:51 2:02 0:40
Nathan Davis 0 0 0 -1 0 2 1 1 1 0 1/3 12:32 0:00 2:52
Tim Crowder 1 0 1 0 0 1 0 0 1 0 1/4 14:35 1:57 0:00
Willie Mitchell 0 0 0 0 0 2 0 1 0 1 0/0 23:44 0:00 2:50
Players Stats for Monarchs
Player Name G A P +/- PIM S H SB GA TA FO MP PP MP PK MP
------------------------------------------------------------------------------------
Alec Martinez 0 1 1 1 0 1 0 1 1 0 0/0 18:58 2:32 1:28
Andrej Meszaros 0 1 1 0 0 4 2 2 0 3 0/0 26:39 3:25 2:12
Andy Greene 0 0 0 0 2 2 1 3 0 1 0/0 25:35 3:25 1:09
Chris Dingman 1 1 2 0 0 3 0 2 2 2 5/8 22:25 3:08 2:05
Craig Cunningham 0 0 0 0 0 1 2 0 0 0 0/0 8:09 0:00 0:36
Derek Peltier 0 0 0 -1 0 0 1 1 0 0 0/0 11:11 0:00 0:19
Jay Beagle 0 0 0 1 0 0 1 2 0 0 0/0 11:22 0:00 0:00
Jeff Petry 0 0 0 0 0 0 0 0 0 0 0/0 3:12 0:00 0:00
John Mitchell 1 0 1 1 0 2 1 1 0 0 3/6 10:16 0:00 0:08
John Zeiler 1 0 1 -1 0 1 3 3 0 0 0/0 15:43 2:45 0:00
Justin Williams 0 1 1 0 0 3 3 0 0 1 0/1 22:29 3:08 2:09
Kyle Palmieri 0 0 0 0 2 5 1 0 0 0 0/0 10:09 0:04 0:50
Marc Methot 0 0 0 -1 0 0 1 3 0 0 0/0 10:36 0:00 0:00
Marek Zagrapan 0 0 0 0 0 1 0 1 0 1 3/4 7:33 0:00 0:00
Mason Raymond 0 1 1 -1 0 3 2 1 1 0 0/1 17:18 2:45 1:05
Mathieu Brodeur 0 0 0 0 0 0 0 0 0 0 0/0 0:43 0:00 0:27
Matt Tennyson 0 0 0 0 0 0 0 0 0 0 0/0 3:12 0:00 0:00
Mikael Backlund 0 1 1 -1 0 4 1 0 0 0 5/11 15:43 2:45 0:00
Nate Schmidt 0 0 0 0 0 0 0 0 0 0 0/0 0:55 0:00 0:55
Paul Bissonnette 0 0 0 1 2 1 0 0 0 0 0/0 11:10 0:04 0:00
Randy Robitaille 1 0 1 0 0 3 2 1 1 0 10/31 21:55 3:08 1:05
Roman Josi 0 0 0 0 0 0 0 0 0 0 0/0 0:00 0:00 0:00
Theo Peckham 0 0 0 1 0 2 1 1 0 2 0/0 18:58 2:32 1:28
Trevor Lewis 0 0 0 0 0 0 0 0 0 0 2/4 1:47 0:04 0:00
Zac Rinaldo 0 0 0 0 0 0 0 0 0 0 0/0 0:00 0:00 0:00
3 Stars
1 - Mike Zigomanis (Stf)
2 - Cody McLeod (Stf)
3 - Chris Dingman (MAN)
Power Play
Rafales - 1 on 3 Attempt(s) - 33,33%
Monarchs - 0 on 3 Attempt(s) - 0,00%
Penalty Kill
Rafales - 3 on 3 Attempt(s) - 100,00%
- Score 0 goal in Penalty Kill
Monarchs - 2 on 3 Attempt(s) - 66,67%
- Score 0 goal in Penalty Kill
Team Stat
Rafales - Hits : 15 - Faceoff Wins : 38 - Blocked Shots : 15 - Penalty Minutes : 6
Monarchs - Hits : 22 - Faceoff Wins : 28 - Blocked Shots : 22 - Penalty Minutes : 6
Official
Referees : Hebert Ghislain and Dwyer Gord
Linesman : Dan Schachte and Steve Barton
Game Notes
No Game Note
Finance
Level 1 -- Attendance: 1588 (79,40%) -- Ticket Income 55 580 $
Level 2 -- Attendance: 792 (79,20%) -- Ticket Income 11 880 $
Total Attendance: 2380 (79,33%)
Total Ticket Income: 67 460 $
Other Income: 3 373 $
Total Income: 70 833 $
Rafales
5 vs 5 Forward
Center Left Wing Right Wing Time % Phy DF OF
1 Mike Zigomanis Cody McLeod Milan Bartovic 40 0 3 2
2 Dan Fritsche Mike Sislo Tim Crowder 30 0 3 2
3 Nathan Davis Jeff Skinner Jonathan Rheault 20 0 3 2
4 Kevin Veilleux Michael Bournival Johan Ryno 10 0 3 2
5 vs 5 Defense
Defense Defense Time % Phy DF OF
1 Willie Mitchell Marc-André Gragnani 40 0 4 1
2 Bruno Gervais Dmitry Kulikov 30 0 4 1
3 Matt Gilroy Jonas Junland 20 0 4 1
4 Bruno Gervais Dmitry Kulikov 10 0 4 1
PowerPlay Forward
Center Left Wing Right Wing Time % Phy DF OF
1 Mike Zigomanis Cody McLeod Milan Bartovic 60 0 0 5
2 Dan Fritsche Mike Sislo Tim Crowder 40 0 0 5
PowerPlay Defense
Defense Defense Time % Phy DF OF
1 Matt Gilroy Dmitry Kulikov 60 0 2 3
2 Bruno Gervais Marc-André Gragnani 40 0 2 3
Penalty Kill 4 Players Forward
Center Wing Time % Phy DF OF
1 Dan Fritsche Nathan Davis 60 0 4 1
2 Milan Bartovic Dan Fritsche 40 0 4 1
Penalty Kill 4 Players Defense
Defense Defense Time % Phy DF OF
1 Willie Mitchell Jonas Junland 60 0 5 0
2 Bruno Gervais Dmitry Kulikov 40 0 5 0
Penalty Kill - 3 Players Forward
Forward Time % Phy DF OF
1 Dan Fritsche 60 0 5 0
2 Milan Bartovic 40 0 5 0
Penalty Kill - 3 Players Defense
Defense Defense Time % Phy DF OF
1 Willie Mitchell Marc-André Gragnani 60 0 5 0
2 Bruno Gervais Dmitry Kulikov 40 0 5 0
4 vs 4 Forward
Center Wing Time % Phy DF OF
1 Mike Zigomanis Cody McLeod 60 0 2 3
2 Milan Bartovic Dan Fritsche 40 0 2 3
4 vs 4 Defense
Defense Defense Time % Phy DF OF
1 Matt Gilroy Dmitry Kulikov 60 0 4 1
2 Bruno Gervais Marc-André Gragnani 40 0 4 1
Last Minutes Offensive
Center Left Wing Right Wing Defense Defense
Mike Zigomanis Cody McLeod Milan Bartovic Dmitry Kulikov Bruno Gervais
Last Minutes Defensive
Center Left Wing Right Wing Defense Defense
Dan Fritsche Michael Bournival Milan Bartovic Willie Mitchell Matt Gilroy
Goaltenders
Starting : Loïc Lacasse
Backup : Eddie Lack
Extra Forwards
Normal : Jeff Skinner, Mike Zigomanis, Cody McLeod - PP : Jeff Skinner, Mike Zigomanis - PK : Dan Fritsche
Extra Defensemen
Normal : Dmitry Kulikov, Willie Mitchell, Bruno Gervais - PP : Dmitry Kulikov - PK : Willie Mitchell, Bruno Gervais
Penalty Shots
Mike Zigomanis, Cody McLeod, Jeff Skinner, Dan Fritsche, Nathan Davis
Monarchs
5 vs 5 Forward
Center Left Wing Right Wing Time % Phy DF OF
1 Randy Robitaille Chris Dingman Justin Williams 40 1 2 2
2 Mikael Backlund Mason Raymond John Zeiler 30 1 2 2
3 John Mitchell Paul Bissonnette Jay Beagle 20 1 2 2
4 Marek Zagrapan Craig Cunningham Kyle Palmieri 10 1 2 2
5 vs 5 Defense
Defense Defense Time % Phy DF OF
1 Andy Greene Andrej Meszaros 40 1 2 2
2 Theo Peckham Alec Martinez 30 1 2 2
3 Marc Methot Derek Peltier 20 1 2 2
4 Matt Tennyson Jeff Petry 10 1 2 2
PowerPlay Forward
Center Left Wing Right Wing Time % Phy DF OF
1 Randy Robitaille Chris Dingman Justin Williams 60 1 2 2
2 Mikael Backlund Mason Raymond John Zeiler 40 1 2 2
PowerPlay Defense
Defense Defense Time % Phy DF OF
1 Andy Greene Andrej Meszaros 60 1 2 2
2 Theo Peckham Alec Martinez 40 1 2 2
Penalty Kill 4 Players Forward
Center Wing Time % Phy DF OF
1 Chris Dingman Justin Williams 60 1 2 2
2 Mason Raymond Randy Robitaille 40 1 2 2
Penalty Kill 4 Players Defense
Defense Defense Time % Phy DF OF
1 Andy Greene Andrej Meszaros 60 1 2 2
2 Theo Peckham Alec Martinez 40 1 2 2
Penalty Kill - 3 Players Forward
Forward Time % Phy DF OF
1 Chris Dingman 60 1 2 2
2 Justin Williams 40 1 2 2
Penalty Kill - 3 Players Defense
Defense Defense Time % Phy DF OF
1 Andy Greene Andrej Meszaros 60 1 2 2
2 Theo Peckham Alec Martinez 40 1 2 2
4 vs 4 Forward
Center Wing Time % Phy DF OF
1 Chris Dingman Justin Williams 60 1 2 2
2 Mason Raymond Randy Robitaille 40 1 2 2
4 vs 4 Defense
Defense Defense Time % Phy DF OF
1 Andy Greene Andrej Meszaros 60 1 2 2
2 Theo Peckham Alec Martinez 40 1 2 2
Last Minutes Offensive
Center Left Wing Right Wing Defense Defense
Randy Robitaille Chris Dingman Justin Williams Andy Greene Andrej Meszaros
Last Minutes Defensive
Center Left Wing Right Wing Defense Defense
Randy Robitaille Chris Dingman Justin Williams Andy Greene Andrej Meszaros
Goaltenders
Starting : Richard Bachman
Backup : Sami Aittokallio
Extra Forwards
Normal : Trevor Lewis, Paul Bissonnette, Kyle Palmieri - PP : Trevor Lewis, Paul Bissonnette - PK : Kyle Palmieri
Extra Defensemen
Normal : Roman Josi, Nate Schmidt, Mathieu Brodeur - PP : Roman Josi - PK : Nate Schmidt, Mathieu Brodeur
Penalty Shots
Chris Dingman, Justin Williams, Mason Raymond, Randy Robitaille, Mikael Backlund
% Time on Ice - Rafales
Lines # - Real PCT - Wanted PCT - Time Play
Normal Forward
1 - 41% - 40% - 20:06
2 - 26% - 30% - 12:38
3 - 18% - 20% - 8:44
4 - 15% - 10% - 7:21
Normal Defense
1 - 44% - 40% - 21:21
2 - 31% - 30% - 14:54
3 - 18% - 20% - 8:50
4 - 8% - 10% - 3:44
PP Forward
1 - 51% - 60% - 2:02
2 - 49% - 40% - 1:57
PP Defense
1 - 63% - 60% - 2:30
2 - 37% - 40% - 1:29
PK Forward
1 - 89% - 60% - 5:17
2 - 11% - 40% - 0:40
PK Defense
1 - 48% - 60% - 2:50
2 - 52% - 40% - 3:07
PK3 Forward
1 - 0% - 60%
2 - 0% - 40%
PK3 Defense
1 - 0% - 60%
2 - 0% - 40%
44 Forward
1 - 0% - 60%
2 - 0% - 40%
44 Defense
1 - 0% - 60%
2 - 0% - 40%
Last Minute Offensive - 0:00
Last Minute Defensive - 1:15
Total
Forward - 60:00
Defense - 60:00
|
% Time on Ice - Monarchs
Lines # - Real PCT - Wanted PCT - Time Play
Normal Forward
1 - 36% - 40% - 17:41
2 - 28% - 30% - 13:28
3 - 21% - 20% - 10:08
4 - 15% - 10% - 7:33
Normal Defense
1 - 41% - 40% - 20:04
2 - 31% - 30% - 14:58
3 - 22% - 20% - 10:36
4 - 7% - 10% - 3:12
PP Forward
1 - 54% - 60% - 3:12
2 - 46% - 40% - 2:45
PP Defense
1 - 57% - 60% - 3:25
2 - 43% - 40% - 2:32
PK Forward
1 - 73% - 60% - 2:54
2 - 27% - 40% - 1:05
PK Defense
1 - 63% - 60% - 2:31
2 - 37% - 40% - 1:28
PK3 Forward
1 - 0% - 60%
2 - 0% - 40%
PK3 Defense
1 - 0% - 60%
2 - 0% - 40%
44 Forward
1 - 0% - 60%
2 - 0% - 40%
44 Defense
1 - 0% - 60%
2 - 0% - 40%
Last Minute Offensive - 1:14
Last Minute Defensive - 0:00
Total
Forward - 60:00
Defense - 60:00
|
Play by Play
1st period
0:01 of 1st period - Mike Zigomanis wins face-off versus Randy Robitaille in neutral zone.
0:06 of 1st period - Mike Zigomanis is hit by Justin Williams and loses puck.
0:13 of 1st period - Slapshot by Justin Williams.
0:13 of 1st period - Deflect By Chris Dingman.
0:13 of 1st period - Shot Misses the Net.
0:13 of 1st period - Puck is out of play.
0:14 of 1st period - Dan Fritsche wins face-off versus Mikael Backlund in Rafales zone.
0:27 of 1st period - Backhand shot by Mason Raymond.
0:27 of 1st period - Deflect By Mikael Backlund.
0:27 of 1st period - Stopped by Loïc Lacasse with a rebound.
0:44 of 1st period - Paul Bissonnette is hit by Jonathan Rheault and loses puck.
1:24 of 1st period - Matt Gilroy is hit by Marc Methot and loses puck.
1:31 of 1st period - Slapshot by Andrej Meszaros.
1:31 of 1st period - Deflect By Kyle Palmieri.
1:31 of 1st period - Shot Misses the Net.
1:31 of 1st period - Puck is out of play.
1:32 of 1st period - Kevin Veilleux wins face-off versus Mikael Backlund in Rafales zone.
1:32 of 1st period - Kevin Veilleux is hit by Andrej Meszaros.
1:35 of 1st period - Minor Penalty to Marc-André Gragnani for Delaying the game.
1:36 of 1st period - Randy Robitaille wins face-off versus Dan Fritsche in Rafales zone.
2:08 of 1st period - Dan Fritsche is hit by Andrej Meszaros.
3:35 of 1st period - Penalty to Marc-André Gragnani is over, Marc-André Gragnani is back on ice.
3:44 of 1st period - John Mitchell is hit by Bruno Gervais and loses puck.
3:56 of 1st period - Dmitry Kulikov is hit by Jay Beagle and loses puck.
4:11 of 1st period - Snap shot by Dmitry Kulikov.
4:11 of 1st period - Shot Blocked by Marek Zagrapan.
5:14 of 1st period - Michael Bournival is hit by Craig Cunningham.
5:33 of 1st period - Jonas Junland is hit by John Zeiler and loses puck.
6:07 of 1st period - Slapshot by Andy Greene.
6:07 of 1st period - Shot Blocked by Jonas Junland.
6:21 of 1st period - Nathan Davis is hit by Justin Williams and loses puck.
6:36 of 1st period - Wrist shot by Nathan Davis.
6:36 of 1st period - Stopped by Richard Bachman without a rebound.
6:37 of 1st period - Mikael Backlund wins face-off versus Dan Fritsche in Monarchs zone.
6:46 of 1st period - Slapshot by Mike Sislo.
6:46 of 1st period - Shot Blocked by Andrej Meszaros.
7:04 of 1st period - Icing by Dan Fritsche.
7:05 of 1st period - Dan Fritsche wins face-off versus Randy Robitaille in Rafales zone.
7:53 of 1st period - Snap shot by Dan Fritsche.
7:53 of 1st period - Stopped by Richard Bachman with a rebound.
7:55 of 1st period - Wrist shot by Dan Fritsche.
7:55 of 1st period - Stopped by Richard Bachman without a rebound.
7:56 of 1st period - Mikael Backlund wins face-off versus Mike Zigomanis in Monarchs zone.
8:05 of 1st period - Snap shot by Milan Bartovic.
8:05 of 1st period - Deflect By Cody McLeod.
8:05 of 1st period - Shot Blocked by John Zeiler.
8:05 of 1st period - Puck is out of play.
8:06 of 1st period - Mike Zigomanis wins face-off versus Mikael Backlund in Monarchs zone.
8:19 of 1st period - Snap shot by Cody McLeod.
8:19 of 1st period - Shot Misses the Net.
8:23 of 1st period - Snap shot by Milan Bartovic.
8:23 of 1st period - Deflect By Cody McLeod.
8:23 of 1st period - Stopped by Richard Bachman with a rebound.
8:25 of 1st period - Backhand shot by Milan Bartovic.
8:25 of 1st period - Stopped by Richard Bachman with a rebound.
8:27 of 1st period - Slapshot by Marc-André Gragnani.
8:27 of 1st period - Shot Misses the Net.
8:29 of 1st period - Wrist shot by Mike Zigomanis.
8:29 of 1st period - Shot Misses the Net.
8:31 of 1st period - Slapshot by Marc-André Gragnani.
8:31 of 1st period - Deflect By Andy Greene.
8:31 of 1st period - Stopped by Richard Bachman with a rebound.
8:35 of 1st period - Snap shot by Cody McLeod.
8:35 of 1st period - Shot Misses the Net.
8:37 of 1st period - Slapshot by Marc-André Gragnani.
8:37 of 1st period - Shot Misses the Net.
8:39 of 1st period - Snap shot by Cody McLeod.
8:39 of 1st period - Shot Blocked by John Zeiler.
8:43 of 1st period - Backhand shot by Milan Bartovic.
8:43 of 1st period - Shot Blocked by Andrej Meszaros.
8:45 of 1st period - Snap shot by Milan Bartovic.
8:45 of 1st period - Shot Misses the Net.
8:59 of 1st period - Snap shot by Cody McLeod.
8:59 of 1st period - Stopped by Richard Bachman with a rebound.
9:01 of 1st period - Snap shot by Mike Zigomanis.
9:01 of 1st period - Stopped by Richard Bachman with a rebound.
9:03 of 1st period - Slapshot by Milan Bartovic.
9:03 of 1st period - Shot Misses the Net.
9:05 of 1st period - Snap shot by Cody McLeod.
9:05 of 1st period - Shot Misses the Net.
9:26 of 1st period - Snap shot by Mike Zigomanis.
9:26 of 1st period - Shot Blocked by Andy Greene.
9:28 of 1st period - Slapshot by Marc-André Gragnani.
9:28 of 1st period - Shot Blocked by Mason Raymond.
9:30 of 1st period - Wrist shot by Cody McLeod.
9:30 of 1st period - Goal by Cody McLeod - Rafales : 1 - Monarchs : 0.
9:31 of 1st period - Dan Fritsche wins face-off versus Justin Williams in neutral zone.
10:14 of 1st period - Minor Penalty to Kyle Palmieri for Tripping.
10:15 of 1st period - Mike Sislo wins face-off versus Chris Dingman in Monarchs zone.
10:15 of 1st period - Snap shot by Dan Fritsche.
10:15 of 1st period - Goal by Dan Fritsche - Rafales : 2 - Monarchs : 0.
10:16 of 1st period - Chris Dingman wins face-off versus Tim Crowder in neutral zone.
11:36 of 1st period - Wrist shot by Kyle Palmieri.
11:36 of 1st period - Shot Misses the Net.
12:15 of 1st period - Minor Penalty to Paul Bissonnette for Holding.
12:16 of 1st period - Chris Dingman wins face-off versus Mike Zigomanis in Monarchs zone.
12:53 of 1st period - Icing by Mike Sislo.
12:54 of 1st period - Chris Dingman wins face-off versus Dan Fritsche in Rafales zone.
13:44 of 1st period - Tim Crowder is hit by Andy Greene and loses puck.
14:15 of 1st period - Penalty to Paul Bissonnette is over, Paul Bissonnette is back on ice.
14:52 of 1st period - Marc-André Gragnani is hit by Craig Cunningham and loses puck.
14:57 of 1st period - Snap shot by Kyle Palmieri.
14:57 of 1st period - Stopped by Loïc Lacasse without a rebound.
14:58 of 1st period - Marek Zagrapan wins face-off versus Dan Fritsche in Rafales zone.
15:05 of 1st period - Snap shot by Kyle Palmieri.
15:05 of 1st period - Stopped by Loïc Lacasse without a rebound.
15:06 of 1st period - Marek Zagrapan wins face-off versus Dan Fritsche in Rafales zone.
15:15 of 1st period - Slapshot by Andrej Meszaros.
15:15 of 1st period - Stopped by Loïc Lacasse with a rebound.
16:13 of 1st period - Wrist shot by Andrej Meszaros.
16:13 of 1st period - Stopped by Loïc Lacasse without a rebound.
16:14 of 1st period - Kevin Veilleux wins face-off versus John Mitchell in Rafales zone.
16:14 of 1st period - Kevin Veilleux is hit by Derek Peltier.
16:22 of 1st period - Snap shot by Johan Ryno.
16:22 of 1st period - Shot Blocked by Marc Methot.
16:26 of 1st period - Wrist shot by Michael Bournival.
16:26 of 1st period - Deflect By John Mitchell.
16:26 of 1st period - Shot Misses the Net.
16:26 of 1st period - Puck is out of play.
16:27 of 1st period - Mike Zigomanis wins face-off versus Randy Robitaille in Monarchs zone.
16:57 of 1st period - Wrist shot by Mike Sislo.
16:57 of 1st period - Stopped by Richard Bachman with a rebound.
17:36 of 1st period - Slapshot by Michael Bournival.
17:36 of 1st period - Shot Blocked by Andy Greene.
18:00 of 1st period - Slapshot by Justin Williams.
18:00 of 1st period - Shot Blocked by Matt Gilroy.
18:02 of 1st period - Snap shot by Randy Robitaille.
18:02 of 1st period - Stopped by Loïc Lacasse with a rebound.
18:04 of 1st period - Wrist shot by Randy Robitaille.
18:04 of 1st period - Goal by Randy Robitaille - Rafales : 2 - Monarchs : 1.
18:05 of 1st period - Mike Zigomanis wins face-off versus Chris Dingman in neutral zone.
18:10 of 1st period - Snap shot by Mike Zigomanis.
18:10 of 1st period - Stopped by Richard Bachman without a rebound.
18:11 of 1st period - Mike Zigomanis wins face-off versus Randy Robitaille in Monarchs zone.
18:12 of 1st period - Snap shot by Milan Bartovic.
18:12 of 1st period - Stopped by Richard Bachman without a rebound.
18:13 of 1st period - Mike Zigomanis wins face-off versus Randy Robitaille in Monarchs zone.
18:38 of 1st period - Dan Fritsche is hit by Mikael Backlund and loses puck.
18:43 of 1st period - Wrist shot by Mikael Backlund.
18:43 of 1st period - Stopped by Loïc Lacasse with a rebound.
18:45 of 1st period - Snap shot by Mikael Backlund.
18:45 of 1st period - Stopped by Loïc Lacasse with a rebound.
18:47 of 1st period - Slapshot by Andrej Meszaros.
18:47 of 1st period - Shot Blocked by Bruno Gervais.
19:07 of 1st period - Paul Bissonnette is hit by Nathan Davis and loses puck.
19:19 of 1st period - Off-side.
19:20 of 1st period - Randy Robitaille wins face-off versus Kevin Veilleux in neutral zone.
19:23 of 1st period - Slapshot by Randy Robitaille.
19:23 of 1st period - Stopped by Loïc Lacasse without a rebound.
19:24 of 1st period - Kevin Veilleux wins face-off versus Randy Robitaille in Rafales zone.
19:47 of 1st period - Wrist shot by Chris Dingman.
19:47 of 1st period - Stopped by Loïc Lacasse without a rebound.
19:48 of 1st period - Mike Zigomanis wins face-off versus Mikael Backlund in Rafales zone.
19:55 of 1st period - Bruno Gervais is hit by Mason Raymond and loses puck.
Goals for this period are 2 for Rafales vs 1 for Monarchs .
Shots for this period are 13 for Rafales vs 11 for Monarchs .
2nd period
0:01 of 2nd period - Randy Robitaille wins face-off versus Cody McLeod in neutral zone.
0:14 of 2nd period - Backhand shot by Andrej Meszaros.
0:14 of 2nd period - Stopped by Loïc Lacasse with a rebound.
0:32 of 2nd period - Wrist shot by Mikael Backlund.
0:32 of 2nd period - Shot Hit the Post.
0:35 of 2nd period - Icing by Tim Crowder.
0:36 of 2nd period - Dan Fritsche wins face-off versus Mikael Backlund in Rafales zone.
0:44 of 2nd period - Off-side.
0:45 of 2nd period - Mike Zigomanis wins face-off versus Mason Raymond in neutral zone.
0:52 of 2nd period - Snap shot by Mike Zigomanis.
0:52 of 2nd period - Goal by Mike Zigomanis - Rafales : 3 - Monarchs : 1.
0:53 of 2nd period - Mike Zigomanis wins face-off versus Randy Robitaille in neutral zone.
1:00 of 2nd period - Justin Williams is hit by Milan Bartovic.
1:18 of 2nd period - Alec Martinez is hit by Mike Sislo.
1:42 of 2nd period - Wrist shot by John Zeiler.
1:42 of 2nd period - Shot Blocked by Jonathan Rheault.
1:44 of 2nd period - Slapshot by Mikael Backlund.
1:44 of 2nd period - Shot Blocked by Jonathan Rheault.
2:36 of 2nd period - Wrist shot by Marek Zagrapan.
2:36 of 2nd period - Stopped by Loïc Lacasse with a rebound.
2:53 of 2nd period - Off-side.
2:54 of 2nd period - Mike Zigomanis wins face-off versus Randy Robitaille in neutral zone.
2:57 of 2nd period - Slapshot by Milan Bartovic.
2:57 of 2nd period - Stopped by Richard Bachman without a rebound.
2:58 of 2nd period - Chris Dingman wins face-off versus Mike Zigomanis in Monarchs zone.
3:03 of 2nd period - Snap shot by Mike Zigomanis.
3:03 of 2nd period - Shot Blocked by Randy Robitaille.
3:57 of 2nd period - Snap shot by Jeff Skinner.
3:57 of 2nd period - Shot Misses the Net.
4:15 of 2nd period - Snap shot by Chris Dingman.
4:15 of 2nd period - Shot Misses the Net.
4:17 of 2nd period - Wrist shot by Randy Robitaille.
4:17 of 2nd period - Shot Blocked by Jeff Skinner.
4:53 of 2nd period - Snap shot by Tim Crowder.
4:53 of 2nd period - Shot Blocked by John Zeiler.
5:13 of 2nd period - Wrist shot by Jay Beagle.
5:13 of 2nd period - Shot Misses the Net.
5:35 of 2nd period - Wrist shot by Mike Zigomanis.
5:35 of 2nd period - Stopped by Richard Bachman with a rebound.
5:49 of 2nd period - Minor Penalty to Milan Bartovic for Holding.
5:50 of 2nd period - Randy Robitaille wins face-off versus Dan Fritsche in Rafales zone.
6:01 of 2nd period - Slapshot by Randy Robitaille.
6:01 of 2nd period - Shot Blocked by Dmitry Kulikov.
7:22 of 2nd period - Andrej Meszaros is hit by Bruno Gervais and loses puck.
7:49 of 2nd period - Penalty to Milan Bartovic is over, Milan Bartovic is back on ice.
8:15 of 2nd period - Slapshot by Willie Mitchell.
8:15 of 2nd period - Shot Hit the Post.
8:27 of 2nd period - Snap shot by Jeff Skinner.
8:27 of 2nd period - Stopped by Richard Bachman without a rebound.
8:28 of 2nd period - John Mitchell wins face-off versus Nathan Davis in Monarchs zone.
8:53 of 2nd period - Slapshot by Andy Greene.
8:53 of 2nd period - Deflect By Dmitry Kulikov.
8:53 of 2nd period - Stopped by Loïc Lacasse with a rebound.
8:55 of 2nd period - Slapshot by Alec Martinez.
8:55 of 2nd period - Stopped by Loïc Lacasse without a rebound.
8:56 of 2nd period - Mikael Backlund wins face-off versus Kevin Veilleux in Rafales zone.
8:57 of 2nd period - Slapshot by Mason Raymond.
8:57 of 2nd period - Stopped by Loïc Lacasse with a rebound.
8:59 of 2nd period - Snap shot by John Zeiler.
8:59 of 2nd period - Shot Blocked by Johan Ryno.
9:15 of 2nd period - Snap shot by John Zeiler.
9:15 of 2nd period - Shot Misses the Net.
9:31 of 2nd period - Snap shot by John Zeiler.
9:31 of 2nd period - Goal by John Zeiler - Rafales : 3 - Monarchs : 2.
9:32 of 2nd period - Mike Zigomanis wins face-off versus Randy Robitaille in neutral zone.
9:37 of 2nd period - Slapshot by Cody McLeod.
9:37 of 2nd period - Shot Misses the Net.
9:39 of 2nd period - Wrist shot by Dmitry Kulikov.
9:39 of 2nd period - Stopped by Richard Bachman with a rebound.
9:41 of 2nd period - Slapshot by Milan Bartovic.
9:41 of 2nd period - Stopped by Richard Bachman with a rebound.
9:43 of 2nd period - Snap shot by Milan Bartovic.
9:43 of 2nd period - Shot Misses the Net.
9:47 of 2nd period - Snap shot by Mike Zigomanis.
9:47 of 2nd period - Shot Misses the Net.
9:59 of 2nd period - Dan Fritsche is hit by John Zeiler and loses puck.
10:06 of 2nd period - Slapshot by Mikael Backlund.
10:06 of 2nd period - Shot Misses the Net.
10:08 of 2nd period - Wrist shot by Mikael Backlund.
10:08 of 2nd period - Stopped by Loïc Lacasse with a rebound.
10:47 of 2nd period - Snap shot by Mike Zigomanis.
10:47 of 2nd period - Shot Blocked by Theo Peckham.
10:59 of 2nd period - Willie Mitchell is hit by Theo Peckham and loses puck.
12:08 of 2nd period - Snap shot by Jonathan Rheault.
12:08 of 2nd period - Stopped by Richard Bachman without a rebound.
12:09 of 2nd period - Jonathan Rheault wins face-off versus Randy Robitaille in Monarchs zone.
13:15 of 2nd period - Snap shot by Johan Ryno.
13:15 of 2nd period - Stopped by Richard Bachman without a rebound.
13:16 of 2nd period - Marek Zagrapan wins face-off versus Kevin Veilleux in Monarchs zone.
13:25 of 2nd period - Slapshot by Andy Greene.
13:25 of 2nd period - Shot Misses the Net.
13:27 of 2nd period - Slapshot by Kyle Palmieri.
13:27 of 2nd period - Stopped by Loïc Lacasse without a rebound.
13:28 of 2nd period - Mike Zigomanis wins face-off versus Randy Robitaille in Rafales zone.
13:53 of 2nd period - Mike Sislo is hit by John Zeiler and loses puck.
14:16 of 2nd period - Slapshot by John Mitchell.
14:16 of 2nd period - Goal by John Mitchell - Rafales : 3 - Monarchs : 3.
14:17 of 2nd period - Mike Zigomanis wins face-off versus Randy Robitaille in neutral zone.
14:25 of 2nd period - Slapshot by Andrej Meszaros.
14:25 of 2nd period - Stopped by Loïc Lacasse with a rebound.
14:27 of 2nd period - Wrist shot by Justin Williams.
14:27 of 2nd period - Stopped by Loïc Lacasse with a rebound.
14:29 of 2nd period - Slapshot by Chris Dingman.
14:29 of 2nd period - Deflect By Justin Williams.
14:29 of 2nd period - Deflect By Mike Zigomanis.
14:29 of 2nd period - Shot Blocked by Willie Mitchell.
14:29 of 2nd period - Puck is out of play.
14:30 of 2nd period - Mike Zigomanis wins face-off versus Randy Robitaille in Rafales zone.
14:38 of 2nd period - Off-side.
14:39 of 2nd period - Mike Zigomanis wins face-off versus Randy Robitaille in neutral zone.
14:42 of 2nd period - Wrist shot by Bruno Gervais.
14:42 of 2nd period - Deflect By Milan Bartovic.
14:42 of 2nd period - Goal by Milan Bartovic - Rafales : 4 - Monarchs : 3.
14:43 of 2nd period - Mike Zigomanis wins face-off versus Randy Robitaille in neutral zone.
14:46 of 2nd period - Slapshot by Dmitry Kulikov.
14:46 of 2nd period - Shot Misses the Net.
15:28 of 2nd period - Icing by Bruno Gervais.
15:29 of 2nd period - John Mitchell wins face-off versus Dan Fritsche in Rafales zone.
15:36 of 2nd period - Backhand shot by Justin Williams.
15:36 of 2nd period - Stopped by Loïc Lacasse without a rebound.
15:37 of 2nd period - Mike Zigomanis wins face-off versus Randy Robitaille in Rafales zone.
17:26 of 2nd period - Derek Peltier is hit by Matt Gilroy and loses puck.
17:45 of 2nd period - Willie Mitchell is hit by Randy Robitaille and loses puck.
18:22 of 2nd period - Slapshot by Cody McLeod.
18:22 of 2nd period - Deflect By Milan Bartovic.
18:22 of 2nd period - Shot Misses the Net.
18:22 of 2nd period - Puck is out of play.
18:23 of 2nd period - Randy Robitaille wins face-off versus Mike Zigomanis in Monarchs zone.
18:28 of 2nd period - Dmitry Kulikov is hit by Justin Williams and loses puck.
18:43 of 2nd period - Wrist shot by Mike Zigomanis.
18:43 of 2nd period - Shot Blocked by Andy Greene.
18:45 of 2nd period - Slapshot by Bruno Gervais.
18:45 of 2nd period - Shot Misses the Net.
18:57 of 2nd period - Wrist shot by Cody McLeod.
18:57 of 2nd period - Stopped by Richard Bachman with a rebound.
18:59 of 2nd period - Snap shot by Mike Zigomanis.
18:59 of 2nd period - Stopped by Richard Bachman with a rebound.
19:01 of 2nd period - Wrist shot by Milan Bartovic.
19:01 of 2nd period - Stopped by Richard Bachman with a rebound.
19:03 of 2nd period - Wrist shot by Cody McLeod.
19:03 of 2nd period - Shot Blocked by Chris Dingman.
19:05 of 2nd period - Slapshot by Mike Zigomanis.
19:05 of 2nd period - Stopped by Richard Bachman with a rebound.
19:07 of 2nd period - Backhand shot by Jonas Junland.
19:07 of 2nd period - Shot Blocked by Chris Dingman.
19:29 of 2nd period - Justin Williams is hit by Dmitry Kulikov and loses puck.
19:40 of 2nd period - Wrist shot by Justin Williams.
19:40 of 2nd period - Shot Misses the Net.
19:42 of 2nd period - Slapshot by Theo Peckham.
19:42 of 2nd period - Stopped by Loïc Lacasse with a rebound.
19:44 of 2nd period - Slapshot by Theo Peckham.
19:44 of 2nd period - Shot Blocked by Marc-André Gragnani.
19:46 of 2nd period - Snap shot by Chris Dingman.
19:46 of 2nd period - Deflect By Randy Robitaille.
19:46 of 2nd period - Shot Misses the Net.
19:46 of 2nd period - Puck is out of play.
19:47 of 2nd period - Mikael Backlund wins face-off versus Dan Fritsche in Rafales zone.
19:54 of 2nd period - Wrist shot by Mason Raymond.
19:54 of 2nd period - Shot Misses the Net.
Goals for this period are 2 for Rafales vs 2 for Monarchs .
Shots for this period are 13 for Rafales vs 13 for Monarchs .
3rd period
0:01 of 3rd period - Randy Robitaille wins face-off versus Mike Zigomanis in neutral zone.
0:13 of 3rd period - Wrist shot by Chris Dingman.
0:13 of 3rd period - Stopped by Loïc Lacasse with a rebound.
0:27 of 3rd period - John Zeiler is hit by Mike Sislo and loses puck.
0:52 of 3rd period - Snap shot by John Mitchell.
0:52 of 3rd period - Stopped by Loïc Lacasse without a rebound.
0:53 of 3rd period - Mike Zigomanis wins face-off versus Randy Robitaille in Rafales zone.
0:53 of 3rd period - Mike Zigomanis is hit by Randy Robitaille.
1:01 of 3rd period - Slapshot by Cody McLeod.
1:01 of 3rd period - Shot Blocked by Alec Martinez.
1:21 of 3rd period - Snap shot by Mason Raymond.
1:21 of 3rd period - Stopped by Loïc Lacasse with a rebound.
1:23 of 3rd period - Snap shot by Mikael Backlund.
1:23 of 3rd period - Shot Misses the Net.
1:25 of 3rd period - Slapshot by Alec Martinez.
1:25 of 3rd period - Shot Blocked by Bruno Gervais.
1:27 of 3rd period - Wrist shot by John Zeiler.
1:27 of 3rd period - Deflect By Mason Raymond.
1:27 of 3rd period - Stopped by Loïc Lacasse without a rebound.
1:28 of 3rd period - Tim Crowder wins face-off versus Mikael Backlund in Rafales zone.
1:43 of 3rd period - Off-side.
1:44 of 3rd period - Mike Zigomanis wins face-off versus Randy Robitaille in neutral zone.
2:05 of 3rd period - Minor Penalty to Andy Greene for Tripping.
2:06 of 3rd period - Mike Zigomanis wins face-off versus Chris Dingman in Monarchs zone.
3:41 of 3rd period - Dmitry Kulikov is hit by Mason Raymond and loses puck.
4:05 of 3rd period - Penalty to Andy Greene is over, Andy Greene is back on ice.
4:37 of 3rd period - Wrist shot by Johan Ryno.
4:37 of 3rd period - Stopped by Richard Bachman without a rebound.
4:38 of 3rd period - Nathan Davis wins face-off versus Marek Zagrapan in Monarchs zone.
5:34 of 3rd period - Slapshot by Justin Williams.
5:34 of 3rd period - Shot Blocked by Marc-André Gragnani.
5:52 of 3rd period - Snap shot by Johan Ryno.
5:52 of 3rd period - Deflect By Michael Bournival.
5:52 of 3rd period - Shot Blocked by John Mitchell.
5:52 of 3rd period - Puck is out of play.
5:53 of 3rd period - Kevin Veilleux wins face-off versus John Mitchell in Monarchs zone.
6:16 of 3rd period - Snap shot by Paul Bissonnette.
6:16 of 3rd period - Stopped by Loïc Lacasse with a rebound.
6:18 of 3rd period - Snap shot by John Mitchell.
6:18 of 3rd period - Shot Misses the Net.
6:20 of 3rd period - Slapshot by Theo Peckham.
6:20 of 3rd period - Deflect By Dmitry Kulikov.
6:20 of 3rd period - Stopped by Loïc Lacasse without a rebound.
6:21 of 3rd period - Randy Robitaille wins face-off versus Mike Zigomanis in Rafales zone.
6:46 of 3rd period - Alec Martinez is hit by Mike Sislo and loses puck.
6:51 of 3rd period - Wrist shot by Mike Sislo.
6:51 of 3rd period - Shot Misses the Net.
7:04 of 3rd period - Off-side.
7:05 of 3rd period - John Mitchell wins face-off versus Nathan Davis in neutral zone.
7:18 of 3rd period - Snap shot by Jonathan Rheault.
7:18 of 3rd period - Stopped by Richard Bachman with a rebound.
7:20 of 3rd period - Slapshot by Marc-André Gragnani.
7:20 of 3rd period - Shot Misses the Net.
7:40 of 3rd period - Snap shot by Tim Crowder.
7:40 of 3rd period - Shot Misses the Net.
7:42 of 3rd period - Snap shot by Dan Fritsche.
7:42 of 3rd period - Shot Blocked by Jay Beagle.
7:52 of 3rd period - Justin Williams is hit by Milan Bartovic and loses puck.
8:43 of 3rd period - Slapshot by Marc-André Gragnani.
8:43 of 3rd period - Deflect By Dan Fritsche.
8:43 of 3rd period - Stopped by Richard Bachman with a rebound.
8:45 of 3rd period - Slapshot by Mike Sislo.
8:45 of 3rd period - Shot Blocked by Marc Methot.
8:47 of 3rd period - Slapshot by Willie Mitchell.
8:47 of 3rd period - Shot Misses the Net.
8:49 of 3rd period - Slapshot by Mike Sislo.
8:49 of 3rd period - Stopped by Richard Bachman without a rebound.
8:50 of 3rd period - Cody McLeod wins face-off versus Randy Robitaille in Monarchs zone.
9:15 of 3rd period - Cody McLeod is hit by John Mitchell and loses puck.
9:49 of 3rd period - Snap shot by Mike Zigomanis.
9:49 of 3rd period - Stopped by Richard Bachman with a rebound.
9:51 of 3rd period - Slapshot by Mike Zigomanis.
9:51 of 3rd period - Shot Misses the Net.
9:53 of 3rd period - Snap shot by Cody McLeod.
9:53 of 3rd period - Stopped by Richard Bachman with a rebound.
9:55 of 3rd period - Slapshot by Willie Mitchell.
9:55 of 3rd period - Stopped by Richard Bachman with a rebound.
9:57 of 3rd period - Snap shot by Cody McLeod.
9:57 of 3rd period - Deflect By Mike Zigomanis.
9:57 of 3rd period - Deflect By John Zeiler.
9:57 of 3rd period - Stopped by Richard Bachman without a rebound.
9:58 of 3rd period - Dan Fritsche wins face-off versus Randy Robitaille in Monarchs zone.
10:05 of 3rd period - Snap shot by Dan Fritsche.
10:05 of 3rd period - Stopped by Richard Bachman without a rebound.
10:06 of 3rd period - Dan Fritsche wins face-off versus Randy Robitaille in Monarchs zone.
10:07 of 3rd period - Wrist shot by Mike Sislo.
10:07 of 3rd period - Deflect By Tim Crowder.
10:07 of 3rd period - Goal by Tim Crowder - Rafales : 5 - Monarchs : 3.
10:08 of 3rd period - Randy Robitaille wins face-off versus Dan Fritsche in neutral zone.
11:05 of 3rd period - Slapshot by Dmitry Kulikov.
11:05 of 3rd period - Stopped by Richard Bachman with a rebound.
11:19 of 3rd period - Snap shot by Cody McLeod.
11:19 of 3rd period - Shot Misses the Net.
11:35 of 3rd period - Slapshot by Kyle Palmieri.
11:35 of 3rd period - Shot Misses the Net.
11:37 of 3rd period - Slapshot by Alec Martinez.
11:37 of 3rd period - Shot Misses the Net.
11:39 of 3rd period - Snap shot by Craig Cunningham.
11:39 of 3rd period - Stopped by Loïc Lacasse without a rebound.
11:40 of 3rd period - Randy Robitaille wins face-off versus Tim Crowder in Rafales zone.
11:47 of 3rd period - Snap shot by Chris Dingman.
11:47 of 3rd period - Goal by Chris Dingman - Rafales : 5 - Monarchs : 4.
11:48 of 3rd period - Randy Robitaille wins face-off versus Tim Crowder in neutral zone.
12:09 of 3rd period - Justin Williams is hit by Bruno Gervais and loses puck.
12:20 of 3rd period - John Zeiler is hit by Jeff Skinner and loses puck.
12:29 of 3rd period - John Zeiler is hit by Bruno Gervais and loses puck.
12:58 of 3rd period - Minor Penalty to Marc-André Gragnani for Hooking.
12:59 of 3rd period - Chris Dingman wins face-off versus Dan Fritsche in Rafales zone.
13:02 of 3rd period - Wrist shot by Chris Dingman.
13:02 of 3rd period - Shot Blocked by Jonas Junland.
13:04 of 3rd period - Snap shot by Justin Williams.
13:04 of 3rd period - Stopped by Loïc Lacasse with a rebound.
13:06 of 3rd period - Wrist shot by Chris Dingman.
13:06 of 3rd period - Shot Blocked by Nathan Davis.
14:58 of 3rd period - Penalty to Marc-André Gragnani is over, Marc-André Gragnani is back on ice.
15:18 of 3rd period - Snap shot by Nathan Davis.
15:18 of 3rd period - Stopped by Richard Bachman with a rebound.
15:20 of 3rd period - Wrist shot by Dan Fritsche.
15:20 of 3rd period - Shot Misses the Net.
15:22 of 3rd period - Snap shot by Dan Fritsche.
15:22 of 3rd period - Shot Misses the Net.
15:24 of 3rd period - Snap shot by Nathan Davis.
15:24 of 3rd period - Shot Misses the Net.
15:26 of 3rd period - Snap shot by Jonas Junland.
15:26 of 3rd period - Stopped by Richard Bachman without a rebound.
15:27 of 3rd period - Mikael Backlund wins face-off versus Kevin Veilleux in Monarchs zone.
15:46 of 3rd period - Chris Dingman is hit by Cody McLeod and loses puck.
16:21 of 3rd period - Wrist shot by Paul Bissonnette.
16:21 of 3rd period - Deflect By Kyle Palmieri.
16:21 of 3rd period - Stopped by Loïc Lacasse with a rebound.
17:08 of 3rd period - Wrist shot by Mike Zigomanis.
17:08 of 3rd period - Shot Misses the Net.
17:20 of 3rd period - Snap shot by Mike Zigomanis.
17:20 of 3rd period - Shot Blocked by Marc Methot.
17:30 of 3rd period - Wrist shot by Mike Zigomanis.
17:30 of 3rd period - Shot Misses the Net.
17:32 of 3rd period - Slapshot by Willie Mitchell.
17:32 of 3rd period - Stopped by Richard Bachman with a rebound.
17:40 of 3rd period - Wrist shot by Cody McLeod.
17:40 of 3rd period - Shot Misses the Net.
17:42 of 3rd period - Wrist shot by Cody McLeod.
17:42 of 3rd period - Shot Misses the Net.
17:48 of 3rd period - Snap shot by Mike Zigomanis.
17:48 of 3rd period - Shot Misses the Net.
18:15 of 3rd period - Snap shot by Mike Zigomanis.
18:15 of 3rd period - Shot Misses the Net.
18:17 of 3rd period - Slapshot by Marc-André Gragnani.
18:17 of 3rd period - Shot Blocked by Derek Peltier.
18:19 of 3rd period - Wrist shot by Mike Zigomanis.
18:19 of 3rd period - Deflect By Cody McLeod.
18:19 of 3rd period - Stopped by Richard Bachman with a rebound.
18:21 of 3rd period - Snap shot by Cody McLeod.
18:21 of 3rd period - Stopped by Richard Bachman with a rebound.
18:25 of 3rd period - Wrist shot by Cody McLeod.
18:25 of 3rd period - Stopped by Richard Bachman without a rebound.
18:26 of 3rd period - Jeff Skinner wins face-off versus John Mitchell in Monarchs zone.
18:37 of 3rd period - Wrist shot by Jonathan Rheault.
18:37 of 3rd period - Shot Blocked by Jay Beagle.
18:51 of 3rd period - Bruno Gervais is hit by Kyle Palmieri and loses puck.
18:54 of 3rd period - Monarchs , Richard Bachman is pulled from the net.
18:56 of 3rd period - Slapshot by Andrej Meszaros.
18:56 of 3rd period - Deflect By Jay Beagle.
18:56 of 3rd period - Shot Misses the Net.
18:56 of 3rd period - Puck is out of play.
18:57 of 3rd period - Bruce Boudreau call a timeout for Monarchs .
18:57 of 3rd period - Trevor Lewis wins face-off versus Dan Fritsche in Rafales zone.
19:10 of 3rd period - Snap shot by Andy Greene.
19:10 of 3rd period - Shot Misses the Net.
19:12 of 3rd period - Snap shot by Jay Beagle.
19:12 of 3rd period - Shot Misses the Net.
19:14 of 3rd period - Snap shot by Jay Beagle.
19:14 of 3rd period - Shot Misses the Net.
19:16 of 3rd period - Wrist shot by Kyle Palmieri.
19:16 of 3rd period - Stopped by Loïc Lacasse without a rebound.
19:17 of 3rd period - Johan Ryno wins face-off versus Trevor Lewis in Rafales zone.
19:22 of 3rd period - Slapshot by Johan Ryno.
19:22 of 3rd period - Deflect By Dan Fritsche.
19:22 of 3rd period - Shot Misses the Net.
19:22 of 3rd period - Puck is out of play.
19:23 of 3rd period - Richard Bachman from Monarchs was sent back in the game.
19:23 of 3rd period - Trevor Lewis wins face-off versus Dan Fritsche in Monarchs zone.
19:30 of 3rd period - Monarchs , Richard Bachman is pulled from the net.
19:32 of 3rd period - Snap shot by Andy Greene.
19:32 of 3rd period - Stopped by Loïc Lacasse without a rebound.
19:33 of 3rd period - Dan Fritsche wins face-off versus Trevor Lewis in Rafales zone.
19:44 of 3rd period - Wrist shot by Andy Greene.
19:44 of 3rd period - Shot Misses the Net.
19:56 of 3rd period - Snap shot by Andy Greene.
19:56 of 3rd period - Shot Blocked by Dmitry Kulikov.
Goals for this period are 1 for Rafales vs 1 for Monarchs .
Shots for this period are 17 for Rafales vs 12 for Monarchs .
Output by the SimonT Hockey Simulator (STHS) for François Prévost -- Original Page W3C XHTML 1.0 Valid